 Dungeon Crawl Stone Soup version 0.28.0-53-g5a82cb258f (webtiles) character file.

Game seed: 17527883306658074133

82984 DocClef the Severer (level 15, -6/204 HPs)
             Began as a Minotaur Berserker on July 4, 2022.
             Was a High Priest of Trog.
             Mangled by a spriggan rider
             ... wielding a +2 antimagic trident
              (16 damage)
             ... on level 4 of the Lair of Beasts.
             The game lasted 00:29:43 (22748 turns).

DocClef the Severer (Minotaur Berserker)           Turns: 22748, Time: 00:29:44

Health: -6/204     AC: 34    Str: 31    XL:     15   Next: 31%
Magic:  0/14       EV: 13    Int:  4    God:    Trog [*****.]
Gold:   1478       SH:  0    Dex:  8    Spells: 14/14 levels left

rFire   + + .      SeeInvis +   E - +8 battleaxe (protect)
rCold   + . .      Faith    .   (shield currently unavailable)
rNeg    . . .      Spirit   .   D - +1 plate armour {rF+}
rPois   +          Reflect  .   (helmet restricted)
rElec   +          Harm     .   b - +1 cloak of Berhumad {rElec rPois Dex-3}
rCorr   .          Rampage  .   O - +1 pair of gloves
Will    +++..                   J - +0 pair of boots
Stlth   ..........              (no amulet)
HPRegen 1.44/turn               u - ring "Roit" {Drain rC+ SInv Stlth+}
MPRegen 0.14/turn               a - ring of Sushriol {rF+ EV+4 Str+3 Stlth+}

@: berserking, strong-willed, under a protective aura, regenerating, very quick
A: horns 2, retaliatory headbutt
a: Renounce Religion, Berserk, Trog's Hand, Brothers in Arms


You were on level 4 of the Lair of Beasts.
You worshipped Trog.
Trog was extremely pleased with you.
You visited 2 branches of the dungeon, and saw 17 of its levels.
You also visited: Volcano.

You collected 1478 gold pieces.

Inventory:

Hand Weapons
 E - a +8 battleaxe of protection (weapon)
 N - a +0 great mace
Armour
 b - the +1 cloak of Berhumad (worn) {rElec rPois Dex-3}
   (You acquired it on level 9 of the Dungeon)

   Dex:       It affects your dexterity (-3).
   rElec:     It insulates you from electricity.
   rPois:     It protects you from poison.
 e - +0 acid dragon scales
 A - a +0 cloak of fire resistance
 D - a +1 plate armour of fire resistance (worn)
 J - a +0 pair of boots (worn)
 O - a +1 pair of gloves (worn)
Jewellery
 a - the ring of Sushriol (right hand) {rF+ EV+4 Str+3 Stlth+}
   (You acquired it on level 3 of the Lair of Beasts)

   [ring of evasion]

   EV:        It affects your evasion (+4).
   Str:       It affects your strength (+3).
   rF:        It protects you from fire.
   Stlth:     It makes you more stealthy.
 c - a ring of positive energy
 m - a +6 ring of dexterity
 n - an amulet of magic regeneration
 p - a ring of positive energy
 t - a ring of flight
 u - the ring "Roit" (left hand) {Drain rC+ SInv Stlth+}
   (You found it on level 6 of the Dungeon)

   [ring of protection from cold]

   rC:        It protects you from cold.
   SInv:      It lets you see invisible.
   Drain:     It drains your maximum health when unequipped.
   Stlth:     It makes you more stealthy.
 x - a +6 ring of strength
 G - a ring of positive energy
 M - a +4 ring of protection
Wands
 j - a wand of flame (35)
 v - a wand of iceblast (18)
 z - a wand of digging (3)
 H - a wand of charming (4)
 P - a wand of acid (3)
Scrolls
 d - 5 scrolls of identify
 f - 3 scrolls of holy word
 r - 4 scrolls of magic mapping
 s - 5 scrolls of fear
 w - a scroll of enchant weapon
 y - 8 scrolls of teleportation
 B - 2 scrolls of silence
 L - 2 scrolls of blinking
 Q - a scroll of immolation {unknown}
Potions
 g - 5 potions of curing
 h - a potion of resistance
 i - a potion of mutation
 k - 3 potions of cancellation
 l - 5 potions of might
 o - 3 potions of invisibility
 q - 3 potions of haste
 I - a potion of heal wounds
 K - a potion of berserk rage
Miscellaneous
 C - a box of beasts (inert)
 F - a tin of tremorstones (1/2)


   Skills:
 - Level 13.3 Fighting
 - Level 20.0 Axes
 - Level 20.0 Armour
 - Level 2.1 Dodging
 + Level 5.0 Evocations


You had 14 spell levels left.
You didn't know any spells.
Your spell library was empty.

Dungeon Overview and Level Annotations

Branches:
Dungeon (11/15)            Temple (0/1) D:6            Lair (6/6) D:8
 Shoals (0/4) Lair:3        Snake (0/4) Lair:2        Slime (0/5) Lair:5
    Orc (0/2) D:9         Volcano (visited)

Altars:
Cheibriados
Fedhas
Kikubaaqudgha
Makhleb
Ru
Sif Muna
Trog
Uskayaw
Xom
The Shining One

Shops:
D:2 *   D:3 [   D:7 [

Annotations:
D:9 3 runed translucent doors
Lair:4 1 transporter


Innate Abilities, Weirdness & Mutations

You have a pair of horns on your head.
You reflexively headbutt those who attack you in melee.


Message History

Trog accepts your kill.
Trog appreciates your killing of a magic user.
Your Evocations skill increases to level 5!
The spriggan rider closely misses you. You furiously retaliate!
You headbutt the spriggan rider!
The spriggan rider hits you but does no damage.
You see here a moth of wrath corpse.
The polar bear growls angrily.
You slash the spriggan rider!
The spriggan rider is moderately wounded.
The spriggan rider closely misses you.
The spriggan berserker mumbles some strange prayers to Trog.
The spriggan berserker goes berserk!
The spriggan rider hits you from afar with a +2 antimagic trident!!
* * * LOW HITPOINT WARNING * * *
You feel your power leaking away.
You completely miss the spriggan rider.
The spriggan rider is moderately wounded.
You hear a trumpeting!
The spriggan rider hits you with a +2 trident of flaming!
* * * LOW HITPOINT WARNING * * *
The spriggan rider burns you.
* * * LOW HITPOINT WARNING * * *
You are too berserk!
You are too berserk!
You slice the spriggan rider!!
The spriggan rider is heavily wounded.
The spriggan rider hits you from afar with a +2 antimagic trident!!
* * * LOW HITPOINT WARNING * * *
Unknown command.
You closely miss the spriggan rider.
The elephant trumpets!
Your headbutt misses the spriggan rider.
The spriggan rider is heavily wounded.
The spriggan rider closely misses you. You furiously retaliate!
You headbutt the spriggan rider!
You kill the spriggan!
Trog accepts your kill.
The spriggan rider hits you from afar with a +2 antimagic trident!
You die...

##.....# #..P#######..###
......## #P..##..#.#...P#
......P# #..............###
......#######...............#
......P##.##....©.........#.#
......####.?..#####.........##
......P##...###.©.###...###..#
...........##......###....#.##
...........#...)@##..#...#..##
.#....##..##..i.y≈##.##..##..#
..........#.....ii##..#...#.##
..........#..##.i(....#...#.##
..........#..#≈|i)###.#..P#..#
..........##.###h#≈ ##...#.##
...........##i..Y.## #......#
...........##......###......#
............###i©.###.......#


You could see an elephant (summoned, berserk), a spriggan rider (berserk), a
spriggan berserker (berserk), a polar bear (summoned, berserk), a hornet
(berserk) and 3 spriggans.

Vanquished Creatures
  Kirke (Lair:5)
  A red draconian (Volcano)
  The ghost of concernfroge the Protected, a journeyman DECj of Sif Muna (Lair:4)
  6 hydras
  An ogre mage (Volcano)
  5 two-headed ogres (Volcano)
  2 wolf spiders (Lair:6)
  An oklob plant (Lair:1)
  A moth of wrath (Lair:4)
  11 elephants
  Joseph (Lair:1)
  8 black mambas
  A guardian serpent (Lair:6)
  A torpor snail (Lair:6)
  13 cane toads
  14 komodo dragons
  A kobold demonologist (D:11)
  An unseen horror (D:11)
  10 rime drakes
  4 trolls
  12 polar bears
  Grinder (D:3)
  Prince Ribbit (D:7)
  2 hornets (Lair:6)
  4 raiju (Lair:6)
  A dream sheep (Lair:6)
  17 blink frogs
  Sigmund (D:2)
  2 spriggans (Lair:4)
  19 wyverns
  A shadow (D:11)
  40 yaks
  15 basilisks
  A vampire (D:10)
  Grum (D:10)
  3 hogs (Lair:5)
  2 vampire mosquitoes (D:11)
  3 nagas (Lair:2)
  7 wargs
  2 acid dragons
  26 water moccasins
  13 hell hounds (Lair:6)
  An ice beast (D:6)
  A sky beast (D:8)
  15 black bears
  A hornet zombie (D:8)
  3 orc warriors
  5 centaurs
  21 wolves
  3 phantoms (D:5)
  2 kobold brigands
  7 bullfrogs
  3 scorpions (D:6)
  A water moccasin zombie (D:6)
  A wyvern zombie (D:9)
  A gnoll sergeant (D:5)
  2 wyvern skeletons (D:6)
  8 killer bees
  5 wights (D:10)
  An electric eel (Lair:2)
  5 howler monkeys
  3 jellies
  A centaur skeleton (D:5)
  3 centaur zombies
  3 bullfrog skeletons
  6 hounds
  A gnoll shaman (D:5)
  5 orc priests
  2 iguanas (D:6)
  An iron imp (D:3)
  Crazy Yiuf (D:2)
  Natasha (thrice) (D:2)
  Terence (D:3)
  5 hell rats (Lair:4)
  10 orc wizards
  A killer bee zombie (D:6)
  A howler monkey zombie (D:5)
  A howler monkey skeleton (D:6)
  9 adders
  11 gnolls
  2 white imps (D:7)
  3 ufetubi
  A worm (D:4)
  5 dart slugs
  13 orcs
  13 ball pythons
  5 bats
  12 endoplasms
  4 giant cockroaches (D:1)
  6 goblins
  8 hobgoblins
  6 jackals (D:4)
  4 quokkas
  4 frilled lizards
  16 kobolds
  6 rats
520 creatures vanquished.

Vanquished Creatures (collateral kills)
  A hydra (Lair:2)
  A two-headed ogre (Volcano)
  A cane toad (Lair:2)
  A water moccasin (Lair:2)
  A black bear (Lair:2)
5 creatures vanquished.

Vanquished Creatures (others)
  An elephant (Lair:5)
  44 fungi
  93 plants
138 creatures vanquished.

Grand Total: 663 creatures vanquished

Notes
Turn   | Place    | Note
-------+----------+-------------------------------------------
     0 | D:1      | DocClef the Minotaur Berserker began the quest for the Orb.
     0 | D:1      | Reached XP level 1. HP: 19/19 MP: 0/0
    13 | D:1      | Found a faded altar of an unknown god.
    49 | D:1      | Reached XP level 2. HP: 24/26 MP: 1/1
   386 | D:1      | Reached skill level 5 in Axes
   609 | D:1      | Reached XP level 3. HP: 30/31 MP: 2/2
   687 | D:1      | Reached ** piety under Trog
  1279 | D:2      | Found Sijuc's Assorted Antiques.
  1600 | D:2      | Noticed Natasha
  1617 | D:2      | Killed Natasha
  1618 | D:2      | Reached XP level 4. HP: 9/39 MP: 3/3
  1947 | D:2      | Found a runed translucent door.
  1948 | D:2      | Noticed Crazy Yiuf
  1964 | D:2      | Noticed Sigmund
  1975 | D:2      | Killed Sigmund
  1976 | D:2      | Reached XP level 5. HP: 45/45 MP: 4/4
  2222 | D:2      | Reached XP level 6. HP: 45/51 MP: 5/5
  2555 | D:2      | Noticed Natasha
  2563 | D:2      | Killed Natasha
  2589 | D:2      | Noticed Natasha
  2797 | D:2      | Killed Natasha
  3159 | D:2      | Killed Crazy Yiuf
  3225 | D:3      | Noticed Grinder
  3242 | D:3      | Killed Grinder
  3243 | D:3      | Reached skill level 10 in Axes
  3243 | D:3      | Reached XP level 7. HP: 45/57 MP: 6/6
  3591 | D:3      | Found Gothrieni's Antique Armour Shop.
  3651 | D:3      | Noticed Terence
  3663 | D:3      | Killed Terence
  3889 | D:3      | Found a shimmering altar of Xom.
  3889 | D:3      | Found a faded altar of an unknown god.
  3898 | D:3      | Found a glowing golden altar of the Shining One.
  3900 | D:3      | Found a faded altar of an unknown god.
  3902 | D:3      | Found a blossoming altar of Fedhas.
  4036 | D:3      | Found a snail-covered altar of Cheibriados.
  4459 | D:4      | Found a hide-covered altar of Uskayaw.
  4569 | D:4      | Reached *** piety under Trog
  4668 | D:5      | Entered Level 5 of the Dungeon
  4814 | D:5      | Noticed a troll
  4824 | D:5      | Killed a troll
  4825 | D:5      | Reached XP level 8. HP: 64/64 MP: 7/7
  6217 | D:6      | Reached XP level 9. HP: 66/72 MP: 8/8
  6276 | D:6      | Reached skill level 5 in Fighting
  6600 | D:6      | Found a staircase to the Ecumenical Temple.
  6914 | D:6      | Identified the ring "Roit" {Drain rC+ SInv Stlth+}
  7165 | D:6      | HP: 4/80 [poisoned by a water moccasin]
  8335 | D:7      | Noticed Prince Ribbit
  8360 | D:7      | Killed Prince Ribbit
  8560 | D:7      | Reached skill level 10 in Fighting
  8572 | D:7      | Reached XP level 10. HP: 65/95 MP: 9/9
  8811 | D:7      | Found Qaekediu's Armour Boutique.
  9034 | D:8      | Found a burning altar of Makhleb.
  9409 | D:8      | Reached **** piety under Trog
  9999 | D:8      | Found a staircase to the Lair.
 10119 | D:8      | Reached skill level 5 in Armour
 10948 | D:9      | Found a shimmering blue altar of Sif Muna.
 10967 | D:9      | Found a staircase to the Orcish Mines.
 11091 | D:9      | Found a runed translucent gate.
 11091 | D:9      | Found a runed translucent gate.
 11092 | D:9      | Found a runed translucent gate.
 11513 | D:9      | Noticed a green ugly thing
 11513 | D:9      | Noticed a white ugly thing
 11513 | D:9      | Noticed a deep troll
 11515 | D:9      | Noticed a white ugly thing
 11515 | D:9      | Noticed a cyan ugly thing
 11516 | D:9      | a deep troll changed into a floating eye
 11581 | D:9      | Noticed a cyclops
 11581 | D:9      | Noticed a two-headed ogre
 11581 | D:9      | a cyclops changed into a two-headed ogre
 11702 | D:9      | Noticed a faun
 11707 | D:9      | Noticed a manticore
 11707 | D:9      | a faun changed into a manticore
 11711 | D:9      | Noticed an elephant
 11711 | D:9      | a manticore changed into an elephant
 11712 | D:9      | Noticed a two-headed ogre
 11712 | D:9      | an elephant changed into a two-headed ogre
 11713 | D:9      | Noticed an orb spider
 11713 | D:9      | a two-headed ogre changed into an orb spider
 11714 | D:9      | Noticed a steelbarb worm
 11714 | D:9      | an orb spider changed into a steelbarb worm
 11842 | D:8      | Found a sacrificial altar of Ru.
 11842 | D:8      | Found an ancient bone altar of Kikubaaqudgha.
 11855 | D:9      | Identified a scroll of acquirement
 11855 | D:9      | Acquired the +1 cloak of Berhumad {rElec rPois Dex-3}
 11983 | D:10     | Entered Level 10 of the Dungeon
 12205 | D:10     | Reached XP level 11. HP: 104/104 MP: 10/10
 12471 | D:10     | Noticed Grum
 12482 | D:10     | Killed Grum
 12909 | D:10     | Reached skill level 10 in Armour
 13247 | D:11     | Reached skill level 15 in Axes
 14348 | Lair:1   | Entered Level 1 of the Lair of Beasts
 14397 | Lair:1   | Found a dark tunnel.
 14405 | Volcano  | Entered a volcano
 14421 | Volcano  | Noticed an ogre mage
 14426 | Volcano  | Found a burning altar of Makhleb.
 14427 | Volcano  | Noticed a red draconian
 14432 | Volcano  | Killed an ogre mage
 14456 | Volcano  | Noticed a two-headed ogre
 14456 | Volcano  | Noticed a two-headed ogre
 14456 | Volcano  | Noticed a two-headed ogre
 14461 | Volcano  | Killed a two-headed ogre
 14466 | Volcano  | Killed a two-headed ogre
 14468 | Volcano  | Killed a two-headed ogre
 14470 | Volcano  | Killed a red draconian
 14470 | Volcano  | Noticed a two-headed ogre
 14471 | Volcano  | Noticed a two-headed ogre
 14474 | Volcano  | Noticed a two-headed ogre
 14529 | Volcano  | Killed a two-headed ogre
 14536 | Volcano  | Killed a two-headed ogre
 14537 | Volcano  | Reached XP level 12. HP: 55/112 MP: 11/11
 14541 | Volcano  | Killed a two-headed ogre
 15414 | Lair:1   | Noticed Joseph
 15423 | Lair:1   | Killed Joseph
 16034 | Lair:2   | Noticed a four-headed hydra
 16043 | Lair:2   | Killed a five-headed hydra
 16378 | Lair:2   | Found a staircase to the Snake Pit.
 17792 | Lair:3   | Noticed a four-headed hydra
 17805 | Lair:3   | Killed a nine-headed hydra
 17810 | Lair:3   | Noticed a five-headed hydra
 17935 | Lair:3   | Found a staircase to the Shoals.
 18113 | Lair:3   | Acquired the ring of Sushriol {rF+ EV+4 Str+3 Stlth+}
 18233 | Lair:3   | Killed a 12-headed hydra
 18500 | Lair:4   | Noticed a four-headed hydra
 18511 | Lair:4   | Killed a nine-headed hydra
 18512 | Lair:4   | Reached XP level 13. HP: 118/118 MP: 12/12
 18712 | Lair:4   | Noticed concernfroge's ghost (journeyman DECj)
 18750 | Lair:4   | Found a transporter.
 18750 | Lair:4   | Found a transporter.
 18851 | Lair:4   | Reached XP level 14. HP: 129/129 MP: 13/13
 18945 | Lair:4   | Reached skill level 15 in Armour
 19704 | Lair:5   | Reached ***** piety under Trog
 20198 | Lair:5   | Found a staircase to the Slime Pits.
 20249 | Lair:5   | Noticed Kirke
 20388 | Lair:5   | Killed Kirke
 20541 | Lair:6   | Entered Level 6 of the Lair of Beasts
 20691 | Lair:6   | Received a gift from Trog
 20993 | Lair:6   | Identified the +0 robe of the Cooper {rC+ rN++}
 21397 | Lair:6   | Reached XP level 15. HP: 121/136 MP: 14/14
 21618 | Lair:6   | Received a gift from Trog
 21747 | Lair:6   | Reached skill level 1 in Evocations
 22725 | Lair:4   | Found a bloodstained altar of Trog.
 22743 | Lair:4   | Killed concernfroge's ghost
 22744 | Lair:4   | Reached skill level 5 in Evocations
 22747 | Lair:4   | HP: 10/204 [spriggan rider/+2 antimagic trident (26)]
 22748 | Lair:4   | Mangled by a spriggan rider

Illustrated notes

Levels and vault maps discovered:
D:1:      wheals_arrival_shading, layout_basic,
          chequers_ecumenical_altar_simple_redux, grunt_decor_resistance
D:2:      layout_basic, serial_shops, nicolae_shop_hallway_stairs,
          uniq_crazy_yiuf_cottage, uniq_natasha, uniq_sigmund
D:3:      layout_loops_ring, chequers_temple_overflow_minitemple, slow_altar_2,
          serial_shops, nicolae_square_shop, uniq_terence, uniq_grinder
D:4:      layout_cave_pools, mainiacjoe_overflow_brackets
D:5:      layout_cave_pools
D:6:      minmay_bubble_buster, layout_gridville,
          minmay_temple_entry_stoned_glass
D:7:      layout_basic, serial_shops, nicolae_lakefront_shop,
          minmay_misc_feat_room, uniq_prince_ribbit1
D:8:      layout_loops_cross, mainiacjoe_overflow_six_doors_small,
          nicolae_overflow_hidden_temple, erik_lair_orcish_takeover
D:9:      layout_basic, led_sif_pool, orc_0_dummy,
          ploomutoo_gammafunk_ghost_potion_laboratory,
          nicolae_straight_to_the_point
D:10:     layout_cave_pods, uniq_grum
D:11:     layout_basic
Lair:1:   minmay_lair_oklob_chamber, layout_long_grid,
          lightli_volcano_entry_magma_tube, serial_rivers,
          chequers_serial_rivers_room_b, chequers_serial_rivers_room_a,
          chequers_serial_rivers_room_a, chequers_serial_rivers_small_b,
          chequers_serial_rivers_micro_a, chequers_serial_rivers_micro_c,
          chequers_serial_rivers_micro_c, uniq_joseph
Lair:2:   layout_regular_city, guppyfry_snake_entry_island, beast_lair_carwin_8,
          grunt_megastairs_5, serial_bayou_shore_a
Lair:3:   layout_regular_city, shoals_dummy_entry
Lair:4:   layout_gridlike, special_room [special_room_mythical_zoo],
          gammafunk_ghost_wrathful_warriors, beast_lair_carwin_2,
          grunt_megastairs_2, infiniplex_staircase_pool_2
Lair:5:   layout_big_grid, nicolae_slime_entry_slimehenge, pond, uniq_kirke
Lair:6:   hangedman_lair_tendril_chambers, layout_layer_cave,
          hangedman_lair_caniforms_friends, chequers_serial_rivers_micro_b

Skill      XL: |  1  2  3  4  5  6  7  8  9 10 11 12 13 14 15 |
---------------+----------------------------------------------+-----
Axes           | 4 5 6 8 10 11 14 18 20 | 20.0
Fighting       | 4 11 12 13 | 13.3
Armour         | 9 10 12 14 19 20 | 20.0
Evocations     | 5 |  5.0
Dodging        | |  2.1

Action                   |  1- 3 |  4- 6 |  7- 9 | 10-12 | 13-15 || total
-------------------------+-------+-------+-------+-------+-------++-------
Melee: Hand axe          |   105 |    73 |   387 |   229 |       ||   794
       Headbutt          |     6 |     9 |    70 |    78 |    93 ||   256
       Punch             |     3 |     1 |     5 |     3 |       ||    12
       Battleaxe         |       |       |       |   257 |   473 ||   730
Invok: Berserk           |       |     4 |     4 |     7 |     3 ||    18
       Trog's Hand       |       |     2 |     4 |    10 |     2 ||    18
       Brothers in Arms  |       |       |       |     2 |       ||     2
Evoke: Wand              |       |       |       |     5 |       ||     5
       Tin of tremorston |       |       |       |     1 |     2 ||     3
       Box of beasts     |       |       |       |       |     2 ||     2
  Use: Scroll            |       |       |       |    26 |     3 ||    29
       Potion            |       |       |       |     4 |     2 ||     6
Armor: Animal skin       |    21 |     3 |       |       |       ||    24
       Scale mail        |       |    10 |    40 |       |       ||    50
       Chain mail        |       |       |   109 |    49 |       ||   158
       Plate armour      |       |       |       |   224 |   265 ||   489
Dodge: Dodged            |    51 |    30 |   137 |   183 |   270 ||   671
